 Dungeon Crawl Stone Soup version 0.21.1-1-g345015f (webtiles) character file.

1146 Fang the Chopper (level 8, -7/73 HPs)
             Began as a Gargoyle Berserker on May 24, 2018.
             Was an Elder of Trog.
             Killed from afar by valkyrieboi's ghost (23 damage)
             ... with an orb of energy
             ... on level 5 of the Dungeon.
             The game lasted 00:06:20 (3898 turns).

Fang the Chopper (Gargoyle Berserker)               Turns: 3898, Time: 00:06:21

Health: -7/73      AC: 21    Str: 27    XL:     8   Next: 38%
Magic:  8/8        EV: 11    Int:  8    God:    Trog [****..]
Gold:   258        SH:  0    Dex: 10    Spells: 7/7 levels left

rFire    + . .     SeeInvis .   l - +0 hand axe (venom)
rCold    . . .     Gourm    .   (no shield)
rNeg     + + .     Faith    .   h - +5 scale mail
rPois    ∞         Spirit   .   (no helmet)
rElec    +         Reflect  .   (no cloak)
rCorr    .         Harm     .   j - +2 pair of gloves
MR       .....                  (no boots)
Stlth    ..........             (no amulet)
HPRegen  0.22/turn              n - ring of protection from fire
MPRegen  0.11/turn              s - ring of positive energy

@: berserking, very quick
A: negative energy resistance 1, electricity resistance, unbreathing,
petrification resistance, rot immunity, AC +5
a: Berserk, Trog's Hand, Brothers in Arms, Burn Spellbooks, Renounce Religion


You were on level 5 of the Dungeon.
You worshipped Trog.
Trog was greatly pleased with you.
You were not hungry.

You visited 1 branch of the dungeon, and saw 5 of its levels.
You also visited: Sewer.

You collected 258 gold pieces.

Inventory:

Hand Weapons
 a - a +1 hand axe
 l - a +0 hand axe of venom (weapon)
Armour
 h - a +5 scale mail (worn)
 j - a +2 pair of gloves (worn)
Jewellery
 n - a ring of protection from fire (left hand)
 s - a ring of positive energy (right hand)
Scrolls
 p - 4 scrolls of teleportation
 r - 2 scrolls of remove curse
Potions
 b - a potion of invisibility
 e - 2 potions of agility
 f - 2 potions of curing
 g - a potion of lignification
 i - 4 potions of heal wounds {unknown}
 k - 3 potions of flight {unknown}
 o - 2 potions of brilliance {unknown}
Comestibles
 c - 3 rations


   Skills:
 + Level 5.2 Fighting
 + Level 7.0 Axes
 + Level 4.6 Armour
 + Level 3.6 Dodging
 + Level 0.3 Stealth


You had 7 spell levels left.
You didn't know any spells.

Dungeon Overview and Level Annotations

Branches:
Dungeon (5/15)
 Temple: D:4-7

Altars:

Annotations:
D:5 valkyrieboi's ghost, novice TeCj


Innate Abilities, Weirdness & Mutations

You are resistant to torment.
Your stone body is resilient. (AC +5)
You are immune to poison.
You resist negative energy. (rN+)
You are resistant to electric shocks. (rElec)
You can survive without breathing.
You are immune to petrification.
You are immune to rotting.


Message History

You closely miss valkyrieboi's ghost.
Valkyrieboi's ghost points at you and mumbles some strange words.
The magic dart hits you!
You closely miss valkyrieboi's ghost. You hit valkyrieboi's ghost.
Valkyrieboi's ghost is lightly damaged.
Valkyrieboi's ghost gestures at you while chanting.
The orb of energy hits you!
* * * LOW HITPOINT WARNING * * *
The orb of energy explodes!
You slash valkyrieboi's ghost!
Valkyrieboi's ghost is heavily damaged.
You slash valkyrieboi's ghost!
Valkyrieboi's ghost is severely damaged.
Valkyrieboi's ghost hits you but does no damage.
You slash valkyrieboi's ghost!
Valkyrieboi's ghost is almost destroyed.
Valkyrieboi's ghost casts a spell at you.
The orb of energy hits you!
You die...

.. .. #. #.##+#
$.#%# #.#.#
#.#.### #..@..#
#.>....W.....§§
######....#+#≈§
..>....
##....<...
#........:
#.##...... ..#
######


You could see valkyrieboi's ghost.

Vanquished Creatures
  Grinder (D:3)
  Eustachio (D:4)
  The ghost of Elysium the Charmwright, an amateur GnSk (D:3)
  A big kobold (Sewer)
  A scorpion (D:4)
  A howler monkey (D:4)
  The ghost of Sapher the Grave Robber, a weakling GnNe (D:4)
  A hound (D:4)
  An orc priest (D:4)
  2 orc wizards (D:4)
  Natasha (thrice) (D:4)
  A worker ant (D:4)
  2 worker ant zombies (D:5)
  Robin (D:4)
  4 gnolls (D:4)
  3 river rats (Sewer)
  6 adders
  A shadow imp (D:5)
  3 oozes
  4 worms
  A dart slug (D:1)
  3 leopard geckos
  10 orcs
  2 ball pythons (Sewer)
  3 giant cockroaches
  11 hobgoblins
  13 jackals
  12 kobolds
  4 quokkas
  9 bats
  4 frilled lizards (D:1)
  13 goblins
  9 rats
133 creatures vanquished.

Notes
Turn   | Place    | Note
-------+----------+-------------------------------------------
     0 | D:1      | Fang the Gargoyle Berserker began the quest for the Orb.
     0 | D:1      | Reached XP level 1. HP: 14/14 MP: 1/1
   119 | D:1      | Reached XP level 2. HP: 16/19 MP: 2/2
   178 | D:1      | Reached skill level 3 in Axes
   399 | D:1      | Reached XP level 3. HP: 22/23 MP: 3/3
   594 | D:1      | Reached ** piety under Trog
  1220 | D:2      | Reached XP level 4. HP: 28/29 MP: 4/4
  1463 | D:3      | Noticed Grinder
  1467 | D:3      | Paralysed by Grinder for 3 turns
  1476 | D:3      | Paralysed by Grinder for 7 turns
  1497 | D:3      | Paralysed by Grinder for 3 turns
  1708 | D:3      | Found a glowing drain.
  1709 | D:3      | Noticed Elysium's ghost (amateur GnSk)
  1725 | D:3      | Killed Elysium's ghost
  1725 | D:3      | Reached skill level 4 in Axes
  1725 | D:3      | Reached XP level 5. HP: 29/33 MP: 5/5
  1730 | D:3      | Paralysed by Grinder for 4 turns
  1739 | D:3      | Paralysed by Grinder for 2 turns
  1745 | D:3      | Killed Grinder
  1745 | D:3      | Reached skill level 5 in Axes
  1745 | D:3      | Reached XP level 6. HP: 13/39 MP: 6/6
  1769 | Sewer    | Entered a sewer
  2230 | Sewer    | Reached XP level 7. HP: 41/44 MP: 7/7
  2232 | Sewer    | Reached *** piety under Trog
  2813 | D:4      | Noticed Eustachio
  2831 | D:4      | Killed Eustachio
  2905 | D:4      | Noticed Sapher's ghost (weakling GnNe)
  2923 | D:4      | Killed Sapher's ghost
  2923 | D:4      | Reached skill level 6 in Axes
  3019 | D:4      | Noticed Natasha
  3026 | D:4      | Killed Natasha
  3084 | D:4      | Reached XP level 8. HP: 47/48 MP: 8/8
  3146 | D:4      | Noticed Natasha
  3149 | D:4      | Reached **** piety under Trog
  3151 | D:4      | Reached skill level 5 in Fighting
  3156 | D:4      | Noticed Robin
  3156 | D:4      | Killed Natasha
  3162 | D:4      | Killed Robin
  3399 | D:4      | Noticed Natasha
  3405 | D:4      | Killed Natasha
  3769 | D:5      | Entered Level 5 of the Dungeon
  3814 | D:5      | Reached skill level 7 in Axes
  3880 | D:5      | Noticed valkyrieboi's ghost (novice TeCj)
  3898 | D:5      | Killed from afar by valkyrieboi's ghost

Skill      XL: |  1  2  3  4  5  6  7  8 |
---------------+-------------------------+-----
Axes           | 3 4 5 6 7 |  7.0
Dodging        | 2 3 |  3.6
Fighting       | 4 5 |  5.2
Armour         | 3 4 |  4.6
Stealth        | |  0.3

Action                   |  1- 3 |  4- 6 |  7- 9 || total
-------------------------+-------+-------+-------++-------
Melee: Hand axe          |   124 |   183 |   236 ||   543
Invok: Berserk           |       |     3 |     5 ||     8
  Use: Scroll            |       |     1 |    13 ||    14
  Eat: Chunk             |     1 |     2 |     6 ||     9
       Ration            |       |     1 |     2 ||     3
Armor: Animal skin       |    15 |       |       ||    15
       Scale mail        |    66 |   140 |   109 ||   315
Dodge: Dodged            |   114 |   132 |   122 ||   368
